 Dungeon Crawl Stone Soup version 0.22.1-1-ga44c0e56f4 (webtiles) character file.

428 Knicklaso the Conjurer (level 7, -11/41 HPs)
             Began as a Halfling Wizard on Sept 29, 2018.
             Splashed by an orc's acid (16 damage)
             ... on level 4 of the Dungeon.
             The game lasted 00:13:19 (5276 turns).

Knicklaso the Conjurer (Halfling Wizard)            Turns: 5276, Time: 00:13:20

Health: -11/41     AC: 11    Str:  8    XL:     7   Next: 18%
Magic:  5/12       EV: 15    Int: 18    God:
Gold:   149        SH:  0    Dex: 13    Spells: 12/13 levels left

rFire    . . .     SeeInvis .   s - +2 short sword (protect)
rCold    . . .     Gourm    .   (shield restricted)
rNeg     . . .     Faith    .   e - +0 robe
rPois    .         Spirit   .   m - +0 helmet
rElec    .         Reflect  .   (no cloak)
rCorr    .         Harm     .   f - +0 pair of gloves
MR       .....                  (no boots)
Stlth    ++........             (no amulet)
HPRegen  0.13/turn              (no ring)
MPRegen  0.13/turn              (no ring)

@: protection aura, very slightly contaminated
A: small, mutation resistance 1
a: no special abilities


You were on level 4 of the Dungeon.
You were not hungry.

You visited 1 branch of the dungeon, and saw 4 of its levels.

You collected 149 gold pieces.

Inventory:

Hand Weapons
 s - a +2 short sword of protection (weapon)
 w - a +0 dagger of pain
Missiles
 h - 82 stones (quivered)
 v - 20 poisoned needles
Armour
 e - a +0 robe (worn)
 f - a +0 pair of gloves (worn)
 m - a +0 helmet (worn)
Jewellery
 i - a +4 amulet of reflection {unknown}
Wands
 q - a wand of polymorph (1)
Scrolls
 a - a scroll of magic mapping {unknown}
 c - 2 scrolls of remove curse {unknown}
 g - 5 scrolls of teleportation {unknown}
 j - a scroll of fear {unknown}
 n - 2 scrolls of random uselessness {unknown}
 o - 3 scrolls of fog {unknown}
 r - 2 scrolls of identify {unknown}
 u - a scroll of enchant armour {unknown}
Potions
 b - 2 potions of curing {unknown}
 k - 2 potions of haste {unknown}
 l - a potion of might {unknown}
 p - a potion of heal wounds {unknown}
Comestibles
 d - 6 rations


   Skills:
 + Level 2.9 Short Blades
 - Level 2.1 Dodging
 - Level 2.1 Stealth
 + Level 3.9 Spellcasting
 - Level 4.1 Conjurations
   Level 0.7 Summonings
   Level 1.1 Translocations


You had 12 spell levels left.
You knew the following spells:

 Your Spells              Type           Power        Failure   Level  Hunger
a - Magic Dart            Conj           ###.         2%          1    None

Your spell library contained the following spells:

 Spells                   Type           Power        Failure   Level  Hunger
 Blink                    Tloc           N/A          14%         2    ##.....
 Call Imp                 Summ           #.......     17%         2    ##.....
 Conjure Flame            Conj/Fire      ##......     19%         3    ###....
 Slow                     Hex            #.......     22%         2    ##.....
 Mephitic Cloud           Conj/Pois/Air  #.......     26%         3    ###....


Dungeon Overview and Level Annotations

Branches:
Dungeon (4/15)             Temple (0/1) D:4

Altars:
Hepliaklqana
Makhleb
Nemelex Xobeh
Yredelemnul
Zin


Innate Abilities, Weirdness & Mutations

You are small and have problems with some larger weapons.
You are somewhat resistant to further mutation.


Message History

The orc misses you.
You hit the orc.
The orc is severely wounded.
The orc zaps a wand.
The bolt of acid hits you!
You are splashed with acid!
The acid burns!
You are too injured to fight recklessly!
You are too injured to fight recklessly!
You are too injured to fight recklessly!
You are too injured to fight recklessly!
Casting: Magic Dart (safe; 2% risk of failure)
Confirm with . or Enter, or press ? or * to list all spells.
Aiming: Magic Dart (safe; 2% risk of failure)
Press: ? - help, Shift-Dir - straight line, f/p - orc
Aim: an orc, wielding a club, wearing a scale mail and carrying a wand of acid The magic dart hits the orc.
The orc is severely wounded.
The orc zaps a wand.
The bolt of acid hits you!
* * * LOW HITPOINT WARNING * * *
You are splashed with acid!
The acid burns!
You die...

#.# ####.#####..#####.##..# #.#
##...........#####.##..# #.#
#.....#............##..#
####.#####..####.####.#####..#..#
.......h....####.####.## #..#..#
####(######............####......
# #h# #.##................... ##
#.# #.##.#o####..#####.##..
h###.# #.##.#@# #............
#....# #.##.#.# ##.#####.##..
.###.# #.##.#.# #.# #.##.# ####.#
#.##.#.#####.# #.##.# ....รท#
#............# #.##.. ####)#
####.#.####### #.##.# #.# #.#.#
#.##.# #.# #.#.# #.##.# #.#
#.#.###### #.##.#


You could see an orc.

Vanquished Creatures
  A scorpion (D:4)
  A howler monkey (D:4)
  2 orc wizards (D:4)
  An orc priest (D:4)
  Ijyb (D:3)
  2 worker ants (D:4)
  5 gnolls
  4 adders
  3 worms (D:3)
  2 dart slugs
  2 leopard geckos
  11 orcs
  A ball python (D:2)
  5 giant cockroaches
  4 goblins
  7 hobgoblins
  3 jackals (D:2)
  2 quokkas (D:3)
  9 bats
  3 frilled lizards (D:2)
  8 kobolds
  8 rats
85 creatures vanquished.

Notes
Turn   | Place    | Note
-------+----------+-------------------------------------------
     0 | D:1      | Knicklaso the Halfling Wizard began the quest for the Orb.
     0 | D:1      | Reached XP level 1. HP: 11/11 MP: 3/3
    70 | D:1      | Reached skill level 1 in Conjurations
   287 | D:1      | Reached XP level 2. HP: 17/17 MP: 2/5
   991 | D:2      | Found a glowing silver altar of Zin.
  1021 | D:2      | Reached XP level 3. HP: 21/21 MP: 1/7
  1111 | D:2      | Found a hazy altar of Hepliaklqana.
  1111 | D:2      | Found a sparkling altar of Nemelex Xobeh.
  1127 | D:2      | Reached skill level 2 in Conjurations
  1160 | D:2      | Found a burning altar of Makhleb.
  1162 | D:2      | Found a basalt altar of Yredelemnul.
  2001 | D:2      | Reached XP level 4. HP: 20/27 MP: 0/8
  2907 | D:3      | Noticed Ijyb
  3116 | D:3      | Killed Ijyb
  3116 | D:3      | Reached skill level 3 in Conjurations
  3116 | D:3      | Reached XP level 5. HP: 29/31 MP: 3/9
  3440 | D:4      | Noticed an ogre
  3904 | D:4      | Found a staircase to the Ecumenical Temple.
  4438 | D:4      | Reached XP level 6. HP: 31/36 MP: 0/11
  4582 | D:4      | Reached skill level 1 in Short Blades
  4724 | D:4      | Reached skill level 4 in Conjurations
  4904 | D:4      | Reached XP level 7. HP: 35/41 MP: 4/12
  5276 | D:4      | Splashed by an orc's acid

Skill      XL: |  1  2  3  4  5  6 |
---------------+-------------------+-----
Conjurations   | 1 2 3 4 |  4.1
Spellcasting   | 3 |  3.9
Short Blades   | 2 |  2.9
Dodging        | |  2.1
Stealth        | |  2.1
Summonings     | |  0.7
Translocations | |  1.1

Action                   |  1- 3 |  4- 6 |  7- 9 || total
-------------------------+-------+-------+-------++-------
Melee: Whip              |   129 |    55 |       ||   184
       Short sword       |       |    42 |    30 ||    72
 Cast: Magic Dart        |    70 |   174 |    25 ||   269
 Stab: Sleeping          |     1 |       |       ||     1
  Eat: Chunk             |     2 |     4 |     1 ||     7
       Ration            |       |     2 |       ||     2
Armor: Robe              |    42 |    15 |     7 ||    64
       Skin              |       |     7 |       ||     7
Dodge: Dodged            |   144 |    92 |    17 ||   253
